 Dungeon Crawl Stone Soup version 0.30.0-29-ga12c61a403 (webtiles) character file.

Game seed: 17239567771249258614

140 Chiseanne the Covered (level 5, 0/49 HPs)
             Began as an Armataur Fighter on June 12, 2023.
             Slain by an orc wizard
             ... wielding a +0 dagger
              (3 damage)
             ... on level 4 of the Dungeon.
             The game lasted 00:05:27 (939 turns).

Chiseanne the Covered (Armataur Fighter)             Turns: 939, Time: 00:05:27

Health: 0/49       AC:  7    Str: 21    XL:     5   Next: 2%
Magic:  5/5        EV:  7    Int:  8    God:
Gold:   55         SH:  0    Dex: 12    Spells: 4/4 levels left

rFire   . . .        a - +1 war axe
rCold   . . .        c - +1 buckler
rNeg    . . .        b - +0 scale mail
rPois   .            (no helmet)
rElec   .            (no cloak)
rCorr   .            (no gloves)
SInv    .            (no barding)
Will    .....        (no amulet) Stlth
                     (no ring)
HPRegen 0.28/turn    (no ring)
MPRegen 0.09/turn

%: roll
@: confused, hasted, very quick
A: large, rugged brown scales 3, deformed body, armoured tail, roll, long
tongue, awkward tongue
a: no special abilities


You were on level 4 of the Dungeon.
You visited 1 branch of the dungeon, and saw 4 of its levels.

You collected 55 gold pieces.

Inventory:

Hand Weapons
 a - a +1 war axe (weapon)
 s - the +10 dagger of Okawaru's Approval {drain, *Rage rN+ Str+2 Int+7}
   (You found it on level 2 of the Dungeon)

   Str:       It affects your strength (+2).
   Int:       It affects your intelligence (+7).
   rN:        It protects you from negative energy.
   *Rage:     It berserks you when you make melee attacks (+20% chance).
Missiles
 i - 8 stones (quivered)
Armour
 b - a +0 scale mail (worn)
 c - a +1 buckler (worn)
Potions
 e - a potion of brilliance
 j - a potion of curing


   Skills:
 * Level 3.7 Fighting
 - Level 1.5 Axes
 * Level 5.0 Armour
 * Level 4.5 Shields


You had 4 spell levels left.
You didn't know any spells.
Your spell library contained the following spells:

 Spells                   Type           Power      Damage    Failure   Level
 Summon Small Mammal      Summ           0%         N/A       80%         1
 Ensorcelled Hibernation  Hex/Ice        0%         N/A       91%         2
 Call Canine Familiar     Summ           0%         N/A       99%         3
 Spider Form              Tmut/Pois      0%         N/A       99%         3
 Summon Guardian Golem    Hex/Summ       0%         N/A       99%         3
 Anguish                  Hex/Necr       0%         N/A       100%        4


Dungeon Overview and Level Annotations

Branches:
Dungeon (4/15)
 Temple: D:4-7

Altars:
Wu Jian
The Shining One

Shops:
D:4 :

Annotations:
D:4 3 runed translucent doors, alignant's ghost, amateur MiBe


Innate Abilities, Weirdness & Mutations

You are completely covered in rugged brown scales. (AC +3, +7% HP)
Armour fits poorly on your strangely shaped body.
You have a long armoured tail.
You roll when moving toward enemies. (Rampage)
Your long tongue fully drains potion bottles. (2x potion effects)
Your tongue gives you trouble enunciating. (1.5x scroll delay)


Message History

You block the puff of flame. The phantom hits you.
You closely miss the phantom.
The phantom is lightly damaged.
The phantom hits you but does no damage.
You hit the phantom.
Your tail-slap misses the phantom.
The phantom is moderately damaged.
The phantom closely misses you.
You hit the phantom.
The phantom is heavily damaged.
You slash something!
You hear some strange, mumbled words.
A magic dart appears from out of thin air!
The magic dart hits you. The phantom barely misses you.
You miss the phantom.
The phantom is heavily damaged.
You completely miss something.
You hear some strange, mumbled words.
You are confused.
The phantom hits you.
You closely miss the phantom. You tail-slap the phantom.
The phantom is severely damaged.
You hit the orc. You completely miss something. The phantom hits you.
The phantom blinks!
You blink.
Found a scroll of identify.
A magic dart appears from out of thin air!
The magic dart hits you.
* * * LOW HITPOINT WARNING * * *
You bump into the rock wall.
The phantom barely misses you.
You hit the phantom.
The phantom is severely damaged.
You slash the orc!
You kill the orc!
You hear some strange, mumbled words.
A puff of flame appears from out of thin air!
The puff of flame hits you!
* * * LOW HITPOINT WARNING * * *
The phantom hits you but does no damage.
You bump into the rock wall.
The phantom hits you but does no damage.
Something hits you.
You die...

#....... #......# ##
#....$.# .. ####
#......# .#####. ..#
#.†....# ..?.... #.#
#......# .......
#.###......#
.......###..##......###
.......W@{............#
.....#.....#)........#
... #####.......§...###
. ###.....##.....
####...........
#.......#......
...###..........
...#######..####. .#
#.(..W#..# #


You could see a phantom.

Vanquished Creatures
  A scorpion (D:3)
  Terence (D:3)
  2 adders
  A dart slug (D:3)
  3 orcs
  4 ball pythons
  3 endoplasms
  4 goblins
  A hobgoblin (D:3)
  2 kobolds
  A quokka (D:3)
  4 bats
  A frilled lizard (D:2)
  2 rats
30 creatures vanquished.

Notes
Turn   | Place    | Note
-------+----------+-------------------------------------------
     0 | D:1      | Chiseanne the Armataur Fighter began the quest for the Orb.
     0 | D:1      | Reached XP level 1. HP: 19/19 MP: 1/1
   174 | D:2      | Identified the +10 dagger of Okawaru's Approval {drain,
                  | *Rage rN+ Str+2 Int+7}
   208 | D:2      | Reached skill level 4 in Armour
   208 | D:2      | Reached XP level 2. HP: 27/27 MP: 2/2
   414 | D:2      | Found a glowing golden altar of the Shining One.
   566 | D:3      | Reached XP level 3. HP: 32/33 MP: 3/3
   587 | D:3      | Noticed a scorpion
   592 | D:3      | Killed a scorpion
   593 | D:3      | Reached XP level 4. HP: 40/40 MP: 4/4
   657 | D:3      | Found an ornate altar of the Wu Jian Council.
   679 | D:3      | Noticed Terence
   697 | D:3      | Killed Terence
   698 | D:3      | Reached skill level 5 in Armour
   890 | D:4      | Found a runed translucent gate.
   891 | D:4      | Found a runed translucent gate.
   891 | D:4      | Found a runed translucent gate.
   894 | D:4      | Found Faemmuba's Book Shoppe.
   895 | D:4      | Noticed alignant's ghost (amateur MiBe)
   909 | D:4      | Noticed a phantom
   926 | D:4      | Reached XP level 5. HP: 38/49 MP: 5/5
   939 | D:4      | Slain by an orc wizard

Illustrated notes

Levels and vault maps discovered:
D:1:      lightli_arrival_quake, layout_basic, grunt_decor_fettered
D:2:      layout_loops_corners, basic_altar, chequers_ecumenical_altar_twisty,
          uniq_robin
D:3:      layout_rooms, mainiacjoe_overflow_paths, uniq_terence
D:4:      layout_rooms, serial_shops, shop, shop, shop,
          nicolae_shop_advertising_works [nicolae_subvault_shop_adworks],
          ebering_ghost_rock_garden

Skill      XL: |  1  2  3  4 |
---------------+-------------+-----
Fighting       | 3 |  3.7
Armour         | 4 5 |  5.0
Shields        | 4 |  4.5
Axes           | |  1.5

Action                     |  1- 3 |  4- 6 || total
---------------------------+-------+-------++-------
  Melee: War axe           |    55 |    46 ||   101
         Tailslap          |     3 |     4 ||     7
         Dagger            |     2 |       ||     2
    Use: Scroll            |     7 |     2 ||     9
         Potion            |     1 |     1 ||     2
 Armour: Scale mail        |    28 |    20 ||    48
  Dodge: Dodged            |    21 |    15 ||    36
  Block: Buckler           |    13 |    19 ||    32
